[ AOE2 MATCH · #505644256 ]
UnrankedBritons vs Vietnamese
Player's team · WIN
Rival team · LOSS
[ REPLAY ANALYSIS · EXTRACTED FROM THE RECORDED GAME ]
Feudal
9:17
Castle
23:10
Imperial
—
| APM avg | 57.1 |
| APM peak | 104 |
| eAPM avg | 24.4 |
| Villagers / military | 109 / 47 |
Focus
⚔️ 32.2% · 🌾 67.8%
Skirmisher ×19 · Archer ×17 · Mangonel ×5 · Spearman ×4 · Monk ×1 · Battering Ram ×1
Feudal
8:52
Castle
24:28
Imperial
—
| APM avg | 60.6 |
| APM peak | 91 |
| eAPM avg | 24.3 |
| Villagers / military | 96 / 74 |
Focus
⚔️ 43.6% · 🌾 56.4%
Skirmisher ×55 · Mangonel ×6 · Knight ×4 · Militia ×4 · Scout Cavalry ×3 · Archer ×2
Match map
Initial resources + every placement click. Lines = walls · curves = elevation contours. ◆ gold · ⬟ stone · ● berries · ✦ relic · ◌ wall gap
Your base· Open — 2t gap
Eray_'s base· Open — unwalled flank
Smoothed initial terrain · ◌ = detected wall gap · hover for details
Inputs per minute
— _DY_孟川 - - Eray_
Build order — _DY_孟川
First 150 of 273 actions detected
| 0:01 | Create | Villager (Male) |
| 0:02 | Build | House |
| 0:03 | Build | House |
| 0:04 | Create | Villager (Male) |
| 0:06 | Create | Villager (Male) |
| 0:07 | Create | Villager (Male) |
| 1:21 | Create | Villager (Male) |
| 1:53 | Create | Villager (Male) |
| 2:06 | Create | Villager (Male) |
| 2:07 | Create | Villager (Male) |
| 2:23 | Build | Lumber Camp |
| 2:36 | Create | Villager (Male) |
| 2:57 | Create | Villager (Male) |
| 3:18 | Create | Villager (Male) |
| 3:28 | Build | House |
| 3:43 | Create | Villager (Male) |
| 4:24 | Create | Villager (Male) |
| 4:26 | Create | Villager (Male) |
| 4:26 | Create | Villager (Male) |
| 5:22 | Create | Villager (Male) |
| 5:41 | Build | Mill |
| 5:47 | Create | Villager (Male) |
| 5:47 | Create | Villager (Male) |
| 5:47 | Create | Villager (Male) |
| 6:19 | Research | Loom |
| 7:07 | Research | Feudal Age |
| 7:27 | Build | Palisade Wall |
| 7:28 | Build | Palisade Wall |
| 7:30 | Build | Palisade Wall |
| 7:31 | Build | Palisade Wall |
| 7:32 | Build | Palisade Wall |
| 7:40 | Build | Palisade Wall |
| 8:05 | Build | Barracks |
| 8:08 | Build | House |
| 8:23 | Build | Palisade Wall |
| 9:17 | Age | Feudal Age |
| 9:18 | Create | Villager (Male) |
| 9:20 | Build | House |
| 9:25 | Build | Archery Range |
| 9:29 | Research | Double-Bit Axe |
| 9:30 | Create | Spearman |
| 9:33 | Create | Villager (Male) |
| 9:35 | Create | Villager (Male) |
| 10:10 | Create | Archer |
| 10:13 | Create | Villager (Male) |
| 10:19 | Build | House |
| 10:36 | Build | Farm |
| 10:38 | Create | Skirmisher |
| 10:42 | Create | Skirmisher |
| 10:43 | Create | Villager (Male) |
| 10:45 | Build | Farm |
| 10:56 | Build | House |
| 11:00 | Build | Farm |
| 11:02 | Create | Villager (Male) |
| 11:14 | Build | Farm |
| 11:16 | Create | Villager (Male) |
| 11:22 | Create | Skirmisher |
| 11:28 | Build | Blacksmith |
| 11:40 | Create | Skirmisher |
| 11:56 | Build | Farm |
| 11:59 | Build | Farm |
| 12:00 | Build | Farm |
| 12:02 | Create | Villager (Male) |
| 12:07 | Build | House |
| 12:10 | Build | Palisade Wall |
| 12:30 | Create | Villager (Male) |
| 12:32 | Build | Farm |
| 12:45 | Create | Villager (Male) |
| 12:45 | Create | Villager (Male) |
| 12:55 | Build | Farm |
| 12:58 | Build | Farm |
| 13:00 | Create | Skirmisher |
| 13:00 | Create | Skirmisher |
| 13:06 | Build | House |
| 13:33 | Research | Fletching |
| 13:36 | Build | Palisade Wall |
| 13:45 | Create | Villager (Male) |
| 13:45 | Create | Villager (Male) |
| 14:00 | Build | Palisade Wall |
| 14:02 | Build | House |
| 14:04 | Create | Skirmisher |
| 14:06 | Create | Villager (Male) |
| 14:06 | Create | Villager (Male) |
| 14:12 | Build | Farm |
| 14:13 | Create | Villager (Male) |
| 14:21 | Build | Watch Tower |
| 14:29 | Create | Skirmisher |
| 14:45 | Create | Skirmisher |
| 14:47 | Create | Villager (Male) |
| 14:47 | Create | Villager (Male) |
| 14:51 | Build | Farm |
| 15:18 | Create | Skirmisher |
| 15:18 | Create | Skirmisher |
| 15:34 | Build | Mining Camp |
| 15:43 | Create | Skirmisher |
| 15:46 | Create | Villager (Male) |
| 16:01 | Create | Skirmisher |
| 16:08 | Create | Villager (Male) |
| 16:33 | Create | Villager (Male) |
| 16:45 | Create | Skirmisher |
| 16:49 | Create | Villager (Male) |
| 16:49 | Create | Villager (Male) |
| 16:58 | Build | Farm |
| 16:58 | Build | Farm |
| 17:08 | Create | Villager (Male) |
| 17:25 | Build | Farm |
| 17:34 | Create | Spearman |
| 17:46 | Create | Villager (Male) |
| 18:18 | Build | Farm |
| 18:23 | Create | Villager (Male) |
| 18:28 | Build | Mining Camp |
| 18:38 | Build | Outpost |
| 18:55 | Build | House |
| 18:57 | Build | House |
| 19:09 | Create | Spearman |
| 19:21 | Create | Spearman |
| 19:30 | Build | Archery Range |
| 19:32 | Build | House |
| 19:39 | Build | Farm |
| 19:44 | Create | Archer |
| 19:57 | Build | House |
| 20:19 | Build | Lumber Camp |
| 20:30 | Research | Castle Age |
| 20:31 | Create | Skirmisher |
| 20:59 | Research | Horse Collar |
| 21:04 | Create | Skirmisher |
| 21:04 | Create | Skirmisher |
| 21:05 | Create | Skirmisher |
| 21:05 | Create | Skirmisher |
| 21:23 | Build | Farm |
| 21:25 | Build | Farm |
| 21:31 | Create | Archer |
| 21:31 | Create | Archer |
| 21:31 | Create | Archer |
| 21:59 | Build | Palisade Wall |
| 22:01 | Build | House |
| 22:05 | Build | House |
| 22:06 | Build | House |
| 23:02 | Build | Outpost |
| 23:10 | Age | Castle Age |
| 23:14 | Research | Bodkin Arrow |
| 23:14 | Research | Bodkin Arrow |
| 23:14 | Research | Crossbowman (upgrade) |
| 23:14 | Research | Crossbowman (upgrade) |
| 23:21 | Build | Town Center |
| 23:32 | Research | Town Watch |
| 23:40 | Research | Elite Skirmisher (upgrade) |
| 23:40 | Research | Elite Skirmisher (upgrade) |
| 23:51 | Create | Villager (Male) |
| 24:14 | Create | Archer |
Build order — Eray_
First 150 of 257 actions detected
| 0:00 | Create | Villager (Male) |
| 0:00 | Create | Villager (Male) |
| 0:02 | Build | House |
| 0:02 | Build | House |
| 0:11 | Create | Villager (Male) |
| 0:11 | Create | Villager (Male) |
| 0:11 | Create | Villager (Male) |
| 1:28 | Create | Villager (Male) |
| 1:28 | Create | Villager (Male) |
| 1:28 | Create | Villager (Male) |
| 1:58 | Build | Lumber Camp |
| 2:01 | Create | Villager (Male) |
| 2:01 | Create | Villager (Male) |
| 2:01 | Create | Villager (Male) |
| 2:20 | Create | Villager (Male) |
| 2:21 | Create | Villager (Male) |
| 2:21 | Create | Villager (Male) |
| 2:48 | Create | Villager (Male) |
| 2:48 | Create | Villager (Male) |
| 2:48 | Create | Villager (Male) |
| 3:04 | Create | Villager (Male) |
| 3:04 | Create | Villager (Male) |
| 3:46 | Create | Villager (Male) |
| 3:46 | Create | Villager (Male) |
| 3:47 | Create | Villager (Male) |
| 4:06 | Build | House |
| 4:29 | Create | Villager (Male) |
| 4:29 | Create | Villager (Male) |
| 4:52 | Create | Villager (Male) |
| 5:18 | Create | Villager (Male) |
| 5:33 | Build | Barracks |
| 5:42 | Create | Villager (Male) |
| 6:02 | Research | Loom |
| 6:02 | Research | Loom |
| 6:28 | Build | House |
| 6:42 | Research | Feudal Age |
| 6:42 | Research | Feudal Age |
| 6:42 | Research | Feudal Age |
| 7:23 | Create | Militia |
| 7:23 | Create | Militia |
| 7:40 | Create | Militia |
| 7:40 | Create | Militia |
| 8:01 | Build | House |
| 8:07 | Build | House |
| 8:25 | Build | Mining Camp |
| 8:52 | Age | Feudal Age |
| 8:59 | Create | Villager (Male) |
| 9:00 | Create | Villager (Male) |
| 9:00 | Create | Villager (Male) |
| 9:09 | Build | Watch Tower |
| 9:33 | Create | Villager (Male) |
| 9:33 | Create | Villager (Male) |
| 10:06 | Build | Archery Range |
| 10:10 | Create | Villager (Male) |
| 10:10 | Create | Villager (Male) |
| 10:10 | Create | Villager (Male) |
| 10:15 | Build | Mill |
| 10:34 | Create | Villager (Male) |
| 10:34 | Create | Villager (Male) |
| 10:35 | Create | Archer |
| 10:38 | Build | House |
| 11:03 | Create | Villager (Male) |
| 11:03 | Create | Villager (Male) |
| 11:07 | Build | House |
| 11:09 | Build | Palisade Wall |
| 11:29 | Create | Archer |
| 11:32 | Create | Villager (Male) |
| 11:32 | Create | Villager (Male) |
| 11:32 | Create | Villager (Male) |
| 11:34 | Build | Farm |
| 11:55 | Create | Villager (Male) |
| 11:55 | Create | Villager (Male) |
| 11:55 | Create | Villager (Male) |
| 12:02 | Build | Blacksmith |
| 12:29 | Create | Villager (Male) |
| 12:40 | Research | Padded Archer Armor |
| 12:40 | Research | Padded Archer Armor |
| 12:41 | Research | Padded Archer Armor |
| 12:44 | Create | Villager (Male) |
| 12:46 | Build | Farm |
| 12:47 | Build | Farm |
| 12:48 | Build | Farm |
| 12:59 | Create | Skirmisher |
| 13:07 | Create | Villager (Male) |
| 13:07 | Create | Villager (Male) |
| 13:07 | Create | Villager (Male) |
| 13:28 | Create | Skirmisher |
| 13:34 | Create | Villager (Male) |
| 13:34 | Create | Villager (Male) |
| 13:46 | Create | Skirmisher |
| 13:54 | Build | House |
| 13:59 | Create | Skirmisher |
| 14:06 | Research | Fletching |
| 14:07 | Research | Fletching |
| 14:07 | Research | Fletching |
| 14:16 | Create | Villager (Male) |
| 14:34 | Create | Skirmisher |
| 14:37 | Create | Villager (Male) |
| 14:55 | Create | Skirmisher |
| 15:21 | Create | Villager (Male) |
| 15:43 | Create | Skirmisher |
| 15:46 | Create | Villager (Male) |
| 16:07 | Create | Skirmisher |
| 16:10 | Create | Villager (Male) |
| 16:11 | Build | Stable |
| 16:14 | Create | Skirmisher |
| 16:37 | Create | Villager (Male) |
| 16:38 | Build | House |
| 16:43 | Create | Scout Cavalry |
| 16:43 | Create | Scout Cavalry |
| 16:44 | Build | House |
| 16:54 | Create | Skirmisher |
| 17:06 | Create | Villager (Male) |
| 17:11 | Build | Mill |
| 17:26 | Create | Scout Cavalry |
| 17:39 | Create | Skirmisher |
| 17:49 | Build | Mill |
| 17:58 | Create | Skirmisher |
| 18:10 | Create | Villager (Male) |
| 18:26 | Create | Villager (Male) |
| 18:29 | Research | Double-Bit Axe |
| 18:29 | Research | Double-Bit Axe |
| 18:29 | Research | Double-Bit Axe |
| 18:37 | Build | Farm |
| 18:39 | Build | House |
| 18:40 | Build | House |
| 18:46 | Create | Skirmisher |
| 18:51 | Create | Skirmisher |
| 19:25 | Create | Skirmisher |
| 19:25 | Create | Villager (Male) |
| 19:26 | Create | Villager (Male) |
| 19:27 | Build | Farm |
| 19:27 | Create | Villager (Male) |
| 19:27 | Create | Villager (Male) |
| 19:28 | Create | Villager (Male) |
| 19:30 | Create | Skirmisher |
| 20:00 | Build | Farm |
| 20:01 | Create | Villager (Male) |
| 20:08 | Create | Skirmisher |
| 20:33 | Create | Villager (Male) |
| 20:35 | Build | Farm |
| 20:37 | Build | Lumber Camp |
| 21:48 | Research | Castle Age |
| 21:48 | Research | Castle Age |
| 21:49 | Research | Castle Age |
| 21:52 | Build | Archery Range |
| 21:53 | Create | Skirmisher |
| 21:53 | Create | Skirmisher |
| 22:19 | Build | Lumber Camp |
| 22:23 | Create | Skirmisher |
Match timeline
| 5:33 | Eray_ · first_building Barracks |
| 7:27 | _DY_孟川 · wall_segment Palisade Wall x1 |
| 7:28 | _DY_孟川 · wall_segment Palisade Wall x1 |
| 7:30 | _DY_孟川 · wall_segment Palisade Wall x1 |
| 7:31 | _DY_孟川 · wall_segment Palisade Wall x1 |
| 7:32 | _DY_孟川 · wall_segment Palisade Wall x1 |
| 7:40 | _DY_孟川 · wall_segment Palisade Wall x1 |
| 8:05 | _DY_孟川 · first_building Barracks |
| 8:23 | _DY_孟川 · wall_segment Palisade Wall x8 |
| 8:52 | Eray_ · age_up feudal |
| 9:17 | _DY_孟川 · age_up feudal |
| 9:25 | _DY_孟川 · first_building Archery Range |
| 10:06 | Eray_ · first_building Archery Range |
| 11:09 | Eray_ · wall_segment Palisade Wall x1 |
| 12:10 | _DY_孟川 · wall_segment Palisade Wall x11 |
| 13:36 | _DY_孟川 · wall_segment Palisade Wall x5 |
| 14:00 | _DY_孟川 · wall_segment Palisade Wall x1 |
| 16:11 | Eray_ · first_building Stable |
| 21:59 | _DY_孟川 · wall_segment Palisade Wall x1 |
| 23:10 | _DY_孟川 · age_up castle |
| 24:28 | Eray_ · age_up castle |
| 24:39 | Eray_ · first_building Siege Workshop |
| 26:09 | _DY_孟川 · first_building Siege Workshop |
| 31:13 | Eray_ · wall_segment Palisade Wall x10 |
| 32:59 | _DY_孟川 · first_building Monastery |
| 34:50 | _DY_孟川 · first_building Stable |
| 34:54 | Eray_ · resign |
[ AI ANALYSIS · 1 CREDIT ]
What really happened in this match?
Wolo.gg analyzes every decision: build order, eco, micro, common mistakes by bracket. Personalized analysis on WhatsApp or Discord in 30 seconds.
Civ guide
Britons
Perfil
Jugador #1821855